 Dungeon Crawl Stone Soup version 0.23-a0-650-ga4d50d4 (webtiles) character file.

80 Borgoz the Cutter (level 4, 0/29 HPs)
             Began as a Kobold Berserker on Jan 2, 2019.
             Was a Believer of Trog.
             Slain by an orc wizard
             ... wielding a +0 dagger
              (4 damage)
             ... on level 3 of the Dungeon.
             The game lasted 00:12:49 (1895 turns).

Borgoz the Cutter (Kobold Berserker)                Turns: 1895, Time: 00:12:50

Health: 0/29       AC:  2    Str: 14    XL:     4   Next: 65%
Magic:  4/4        EV: 16    Int:  8    God:    Trog [**....]
Gold:   39         SH:  0    Dex: 15    Spells: 3/3 levels left

rFire    . . .     SeeInvis .   a - +0 short sword
rCold    . . .     Gourm    .   (shield restricted)
rNeg     . . .     Faith    .   b - +0 animal skin
rPois    .         Spirit   .   (no helmet)
rElec    .         Reflect  .   (no cloak)
rCorr    .         Harm     .   (no gloves)
MR       .....                  (no boots)
Stlth    ++........             (no amulet)
HPRegen  0.09/turn              (no ring)
MPRegen  0.09/turn              (no ring)

@: slowed, very slow
A: small, carnivore
a: Berserk, Trog's Hand, Renounce Religion


You were on level 3 of the Dungeon.
You worshipped Trog.
Trog was pleased with you.
You were full.

You visited 1 branch of the dungeon, and saw 3 of its levels.

You collected 39 gold pieces.

Inventory:

Hand Weapons
 a - a +0 short sword (weapon)
 j - a +2 dagger of holy wrath
 l - a +1 short sword of venom
Missiles
 g - 2 throwing nets (quivered)
Armour
 b - a +0 animal skin (worn)
Scrolls
 d - 5 scrolls of identify {unknown}
 f - a scroll of remove curse {unknown}
 h - a scroll of enchant armour {unknown}
Potions
 e - a potion of ambrosia {unknown}
 i - a potion of heal wounds {unknown}
 k - a potion of curing {unknown}
 m - a potion of brilliance {unknown}
Comestibles
 c - 3 rations


   Skills:
 + Level 4.0 Fighting
 + Level 5.1 Short Blades
 + Level 1.8 Armour
 + Level 3.3 Dodging
 + Level 1.0 Stealth


You had 3 spell levels left.
You didn't know any spells.
Your spell library was empty.

Dungeon Overview and Level Annotations

Branches:
Dungeon (3/15)

Altars:
Makhleb
Okawaru
Xom


Innate Abilities, Weirdness & Mutations

You are small and have problems with some larger weapons.
You are carnivorous and can eat meat at any time.


Message History

The orc wizard gestures wildly while chanting.
The orc wizard blinks!
The orc barely misses you. The giant cockroach misses you.
You hit the giant cockroach.
You kill the giant cockroach!
Trog accepts your kill. The orc hits you.
* * * LOW HITPOINT WARNING * * *
The orc barely misses you.
You see here a giant cockroach corpse.
You barely miss the orc.
The orc is heavily wounded.
The orc wizard misses you. The orc misses you.
The orc wizard hits you but does no damage.
You hit the orc.
You kill the orc!
Trog accepts your kill.
Your Stealth skill increases to level 1!
The orc wizard hits you with a +0 dagger.
You die...

############
#...@o.....##
#...o<.......
#?...........
#..........##
#...(......#
#......)..<#
############


You could see 2 orc wizards.

Vanquished Creatures
  A howler monkey skeleton (D:2)
  3 adders
  An ooze (D:2)
  An orc (D:3)
  4 giant cockroaches
  6 goblins
  5 hobgoblins
  5 kobolds
  2 ball pythons (D:1)
  2 bats (D:2)
  4 frilled lizards
  5 rats (D:1)
39 creatures vanquished.

Notes
Turn   | Place    | Note
-------+----------+-------------------------------------------
     0 | D:1      | Borgoz the Kobold Berserker began the quest for the Orb.
     0 | D:1      | Reached XP level 1. HP: 14/14 MP: 1/1
   326 | D:1      | Reached XP level 2. HP: 18/19 MP: 2/2
   652 | D:2      | Reached XP level 3. HP: 22/24 MP: 3/3
   696 | D:2      | Reached ** piety under Trog
   859 | D:2      | Found a burning altar of Makhleb.
   875 | D:2      | Found a shimmering altar of Xom.
  1028 | D:2      | Reached XP level 4. HP: 2/29 MP: 4/4
  1355 | D:2      | Found an iron altar of Okawaru.
  1534 | D:2      | Reached skill level 5 in Short Blades
  1895 | D:3      | Reached skill level 1 in Stealth
  1895 | D:3      | Slain by an orc wizard

Vault maps used:
D:1:      minmay_arrival_three_doors
D:2:      wander_river, minitemple, okawaru_ov_weapons_minmay
D:3:      nicolae_ru_the_path_less_chosen

Skill      XL: |  1  2  3  4 |
---------------+-------------+-----
Fighting       | 4 |  4.0
Dodging        | 3 |  3.3
Short Blades   | 5 |  5.1
Stealth        | 1 |  1.0
Armour         | |  1.8

Action                   |  1- 3 |  4- 6 || total
-------------------------+-------+-------++-------
Melee: Short sword       |   105 |    53 ||   158
 Stab: Sleeping          |       |     2 ||     2
  Eat: Chunk             |     4 |     4 ||     8
Armor: Animal skin       |     9 |     3 ||    12
Dodge: Dodged            |    72 |    73 ||   145

Table legend:
 A = Non-vault XP
 B = Vault XP
 C = Vault XP percentage of total XP
 D = Non-vault monster count
 E = Vault monster count
 F = Vault count percentage of total count
                 A         B        C        D         E       F
            +---------+---------+-------+---------+---------+-------
      Total |     115 |       0 |   0.0 |      39 |       0 |   0.0
            +---------+---------+-------+---------+---------+-------
        D:1 |      24 |       0 |   0.0 |      17 |       0 |   0.0
        D:2 |      73 |       0 |   0.0 |      19 |       0 |   0.0
        D:3 |      18 |       0 |   0.0 |       3 |       0 |   0.0
            +---------+---------+-------+---------+---------+-------
